[Event "Early-Titled-Tuesday-Blitz-April-23-2024"]
[Site "Chess.com"]
[Date "2024.04.23"]
[Round "11"]
[White "KuzubovYuriy"]
[Black "Nimrod_Veinberg"]
[Result "0-1"]
[WhiteElo "2920"]
[BlackElo "2814"]
[TimeControl "180+1"]
[EndTime "10:10:56 PDT"]
[Termination "Nimrod_Veinberg won by checkmate"]

1. d4 d5 2. c4 dxc4 3. Nf3 Nf6 4. e3 a6 5. Bxc4 e6 6. a4 Bb4+ 7. Bd2 Bxd2+ 8. Nbxd2 O-O 9. O-O b6 10. Qe2 Nc6 11.
Rfd1 Bb7 12. Nb3 a5 13. Rac1 Nb4 14. Ne5 Nd7 15. Nd3 Qe7 16. Bb5 Nf6 17. Nxb4 axb4 18. Qc2 Rfc8 19. Bc6 Bxc6 20. Qxc6 Qd7 21. Qxd7 Nxd7 22.
Ra1 Kf8 23. Kf1 Ke7 24. a5 bxa5 25. Nxa5 c5 26. dxc5 Nxc5 27. Nc6+ Kf6 28. Rxa8 Rxa8 29. Nxb4 Rb8 30. Rd4 Nb3 31. Rf4+ Kg6 32. Nc6 Nd2+ 33.
Ke1 Rxb2 34. Ne5+ Kh5 35. g4+ Kh4 36. Rxf7 Ne4 37. f3 Nc3 38. Rxg7 Kh3 39. Rxh7+ Kg2 40. g5 Re2# 0-1

[Event "Early-Titled-Tuesday-Blitz-April-23-2024"]
[Site "Chess.com"]
[Date "2024.04.23"]
[Round "11"]
[White "Roosters19"]
[Black "briesmas"]
[Result "0-1"]
[WhiteElo "2298"]
[BlackElo "2223"]
[TimeControl "180+1"]
[EndTime "10:10:58 PDT"]
[Termination "briesmas won by resignation"]

1. d4 d5 2. c4 c6 3. Nc3 Nf6 4.
Nf3 e6 5. Bg5 Be7 6. cxd5 exd5 7. e3 O-O 8. Bd3 Bg4 9. h3 Bh5 10. O-O Nbd7 11. Rb1 Bg6 12. Bxg6 hxg6 13. b4 Ne4 14.
Nxe4 dxe4 15. Bxe7 Qxe7 16. Nd2 Nb6 17. b5 f5 18.
bxc6 bxc6 19. a4 Nd5 20. Qc2 Rf6 21. Rfc1 Re8 22. Nc4 g5 23. Ne5 f4 24. Qxe4 fxe3 25. fxe3 Qa3 26. Rxc6 Rxc6 27. Qxd5+ Rce6 28. Rb3 Qxa4 29. Rb7 Qa3 30. Ng4 Qc1+ 31. Kh2 Qc8 32. Rxa7 Qb8+ 33.
Kh1 Qxa7 34. e4 Qa8 35. Qc4 Qxe4 36. Qb3 Qxd4 37. Kh2 Qf4+ 38. Kh1 Qf7 39. Qg3 Re1+ 40.
Kh2 Qf4 0-1

[Event "Early-Titled-Tuesday-Blitz-April-23-2024"]
[Site "Chess.com"]
[Date "2024.04.23"]
[Round "11"]
[White "manitodeplomo"]
[Black "Brave_spirit12"]
[Result "1-0"]
[WhiteElo "2639"]
[BlackElo "2714"]
[TimeControl "180+1"]
[EndTime "10:11:00 PDT"]
[Termination "manitodeplomo won on time"]

1. d4 d5 2. c4 c6 3. Nf3 Nf6 4. Nc3 e6 5. Bg5 dxc4 6. e4 b5 7. a4 Bb4 8. e5 h6 9. exf6 hxg5 10. fxg7 Rg8 11. g3 Nd7 12. Bg2 Bb7 13. O-O Bxc3 14.
bxc3 Qc7 15. Ne5 Rxg7 16. Qh5 O-O-O 17. axb5 Nxe5 18. dxe5 Kb8 19. Rfb1 c5 20. Bxb7 Qxb7 21. Qg4 Rh7 22. Qxg5 Rdh8 23. h4 Rh5 24. Qe3 f5 25. exf6 e5 26. Qxc5 Rxh4 27. Qd6+ Ka8 28. Qc6 Rh1+ 29.
Kg2 1-0

[Event "Early-Titled-Tuesday-Blitz-April-23-2024"]
[Site "Chess.com"]
[Date "2024.04.23"]
[Round "11"]
[White "AlphaGoosee"]
[Black "Orest_Vovk"]
[Result "0-1"]
[WhiteElo "2628"]
[BlackElo "2556"]
[TimeControl "180+1"]
[EndTime "10:11:00 PDT"]
[Termination "Orest_Vovk won by resignation"]

1. e4 g5 2. d4 g4 3. c4 Bg7 4.
Nc3 c5 5. d5 Bxc3+ 6. bxc3 d6 7.
h3 Qa5 8. hxg4 Qxc3+ 9. Bd2 Qd4 10. f3 Nd7 11. Ne2 Qg7 12. Bc3 Ngf6 13. Qd2 h6 14. Ng3 Ne5 15. Nh5 Nxh5 16. Rxh5 f6 17. Be2 Bd7 18. a4 Kd8 19. a5 Kc7 20. Kf2 Nxg4+ 21. fxg4 Bxg4 22. Rh4 h5 23. Rah1 Bxe2 24. Qxe2 Rag8 25.
Qf3 Rh6 26. R4h3 Rg6 27. R1h2 h4 28. e5 fxe5 29. Be1 Rf8 30. Kg1 Rxf3 31. Rxf3 e4 32. Rf1 Qd4+ 33. Kh1 Qxc4 34. Rg1 Qxd5 35. Bxh4 Rh6 36. Bg3 Rxh2+ 37. Bxh2 e3 38. Re1 e2 39. Bg3 Qd3 40. Kh2 c4 41. Bf2 c3 42. g4 c2 43. g5 Qd2 44. g6 Qxe1 45. Bxe1 c1=Q 0-1

[Event "Early-Titled-Tuesday-Blitz-April-23-2024"]
[Site "Chess.com"]
[Date "2024.04.23"]
[Round "11"]
[White "KononenkoD"]
[Black "klercaku"]
[Result "1-0"]
[WhiteElo "2597"]
[BlackElo "2254"]
[TimeControl "180+1"]
[EndTime "10:11:01 PDT"]
[Termination "KononenkoD won by resignation"]

1. e4 e5 2. Nf3 Nc6 3. d4 exd4 4. Nxd4 Nf6 5. Nc3 Bb4 6. Nxc6 bxc6 7. Bd3 d5 8. O-O Bxc3 9. bxc3 dxe4 10. Bc4 Qxd1 11. Rxd1 O-O 12. Bf4 Rb8 13. Bxc7 Rb2 14. Bb3 Ne8 15.
Bf4 Be6 16. Bc1 Bxb3 17. Bxb2 Bxc2 18. Rd7 Nf6 19. Rxa7 Rb8 20. Bc1 Nd5 21. c4 Nc3 22. h4 h6 23. a4 f5 24. a5 f4 25. a6 f3 26. Rb7 Rd8 27. a7 Rd1+ 28. Kh2 fxg2 29. a8=Q+ Kh7 30. Rxg7+ Kxg7 31. Ra7+ Kf6 32. Qf8+ Ke5 33. Bf4+ Kd4 34. Be3+ Kd3 35. Kxg2 Ke2 36. Qxh6 Bd3 37. Qh5+ Ke1 38. Kh2 Be2 39. Qa5 Rd3 40.
Bd4 Kf1 41. Qxc3 Bg4 42. Ra1+ Ke2 43. Re1+ Kf3 44. Re3+ Kxf2 45. Rxd3+ 1-0

[Event "Early-Titled-Tuesday-Blitz-April-23-2024"]
[Site "Chess.com"]
[Date "2024.04.23"]
[Round "11"]
[White "Matibar"]
[Black "ReadySkate"]
[Result "1-0"]
[WhiteElo "2864"]
[BlackElo "2675"]
[TimeControl "180+1"]
[EndTime "10:11:02 PDT"]
[Termination "Matibar won by resignation"]

1. Nf3 Nf6 2. c4 g6 3. Nc3 d5 4. cxd5 Nxd5 5. h4 Bg7 6. h5 O-O 7. e4 Nxc3 8. dxc3 Qxd1+ 9. Kxd1 Bg4 10. h6 Bh8 11. Be2 Nc6 12. Bf4 Bxf3 13. Bxf3 Be5 14.
Be3 Rad8+ 15. Kc2 b6 16. Be2 Nb8 17. f4 Bh8 18. e5 e6 19. Bc4 Nc6 20. g4 Na5 21. Bb3 Nxb3 22. axb3 f6 23. exf6 Bxf6 24. Rxa7 e5 25. Rxc7 exf4 26. Bxf4 Bxc3 27. bxc3 Rxf4 28. b4 Rxg4 29. Re1 Rh4 30. Re6 b5 31. Re5 Rb8 32. Rg7+ Kh8 33. Rb7 Rc8 34. Rexb5 Rxh6 35. Rb8 Rxb8 36.
Rxb8+ Kg7 37. b5 Rh2+ 38. Kb3 g5 39. b6 Rh1 40. b7 Rb1+ 41. Kc2 Rb6 42. c4 g4 43. c5 Rb5 44. c6 Rc5+ 45. Kd2 Rxc6 46. Rg8+ Kxg8 47. b8=Q+ Kg7 48. Qb7+ 1-0

[Event "Early-Titled-Tuesday-Blitz-April-23-2024"]
[Site "Chess.com"]
[Date "2024.04.23"]
[Round "11"]
[White "Kotofeyca"]
[Black "karinachess1"]
[Result "0-1"]
[WhiteElo "2508"]
[BlackElo "2618"]
[TimeControl "180+1"]
[EndTime "10:11:05 PDT"]
[Termination "karinachess1 won on time"]

1. d4 Nf6 2. c4 e6 3. Nf3 d5 4. Nc3 Be7 5. cxd5 exd5 6. Bg5 c6 7. Qc2 Nbd7 8. e3 h6 9. Bh4 Nh5 10. Bxe7 Qxe7 11. O-O-O Nb6 12. Ne5 Be6 13. f4 O-O-O 14. g4 Nf6 15. f5 Bd7 16. h4 Kb8 17. Bd3 h5 18. g5 Ng4 19. Nxg4 hxg4 20. Qe2 Rde8 21.
Rde1 g3 22. Qf3 Ka8 23. Qxg3 c5 24. h5 Rc8 25. h6 gxh6 26. Rxh6 Rhe8 27. Rhh1 Rg8 28. g6 fxg6 29. fxg6 cxd4 30. exd4 Qb4 31. Qe3 Na4 32. Bc2 Qxb2+ 33. Kd2 Rxc3 34. Rb1 Qxc2+ 0-1

[Event "Early-Titled-Tuesday-Blitz-April-23-2024"]
[Site "Chess.com"]
[Date "2024.04.23"]
[Round "11"]
[White "szachuspl"]
[Black "Attacker88"]
[Result "0-1"]
[WhiteElo "2519"]
[BlackElo "2406"]
[TimeControl "180+1"]
[EndTime "10:11:06 PDT"]
[Termination "Attacker88 won by checkmate"]

1. d4 Nf6 2. c4 e6 3. Nc3 Bb4 4. Nf3 b6 5. Qb3 Bxc3+ 6. Qxc3 Bb7 7. g3 O-O 8. Bg2 d6 9. O-O Nbd7 10. Qe3 c5 11.
dxc5 Nxc5 12. b3 Qc7 13. Bb2 e5 14. Rfd1 Ng4 15. Qd2 Ne4 16. Qb4 Ngxf2 17. Rf1 Ng4 18. Nh4 Ne3 19. Bxe4 Bxe4 20. Rf2 Nc2 21. Qd2 Nxa1 22.
Bxa1 f6 23. Bb2 Qc5 24. Bc3 Rfd8 25. Bb4 Qd4 26. Qe1 d5 27. e3 Qd3 28. Rd2 Qb1 29.
Qxb1 Bxb1 30. cxd5 Be4 31. d6 Kf7 32. Kf2 Ke6 33.
Nf3 Rac8 34. Ne1 a5 35. Ba3 Rc6 36. Ke2 b5 37. Nd3 Bxd3+ 38. Rxd3 b4 39. Bb2 Rdxd6 40. Rxd6+ Rxd6 41. e4 g6 42. g4 h5 43. h3 hxg4 44. hxg4 f5 45. exf5+ gxf5 46. gxf5+ Kxf5 47. Bc1 Ke4 48.
Be3 Rc6 49. Kd2 Rd6+ 50. Ke2 Rg6 51. Bc5 Rg2+ 52. Kd1 Rxa2 53. Kc1 Kd3 54. Kb1 Rg2 55. Bb6 e4 56. Bxa5 Kc3 57. Bb6 Kxb3 58. Bc5 Kc3 59. Bb6 b3 60. Bc7 Rg1# 0-1

[Event "Early-Titled-Tuesday-Blitz-April-23-2024"]
[Site "Chess.com"]
[Date "2024.04.23"]
[Round "11"]
[White "wqws"]
[Black "NovakRatko"]
[Result "0-1"]
[WhiteElo "2661"]
[BlackElo "2390"]
[TimeControl "180+1"]
[EndTime "10:11:06 PDT"]
[Termination "NovakRatko won by resignation"]

1. d4 d5 2. c4 c5 3. Nf3 cxd4 4. Qxd4 Nc6 5. Qxd5 Bd7 6. Nc3 Nf6 7. Qd1 e5 8.
e3 Bb4 9. Qc2 e4 10. Nd2 Bf5 11. a3 Bxc3 12. Qxc3 O-O 13. b4 Rc8 14. Bb2 Re8 15. Be2 Ne5 16. O-O Nxc4 17. Nxc4 b5 18. Rfd1 Qe7 19. Nd6 Rxc3 20. Bxc3 Be6 21. Nxe8 Qxe8 22.
Bxf6 gxf6 23. Rac1 Kg7 24. Rc5 a6 25. Rd6 Qb8 26. Rxa6 Qd8 27. Rxe6 fxe6 28. Rxb5 Qd2 29. Bf1 f5 30. a4 f4 31. exf4 e3 32. fxe3 Qxe3+ 33. Kh1 Qxf4 34. h3 Qxf1+ 35. Kh2 Qf4+ 36. Kh1 Kf6 37. Rb6 Qf2 38. a5 h5 39. Rb7 Qe1+ 40.
Kh2 Qe4 41. a6 Qf4+ 42. Kg1 Qc1+ 43. Kh2 Qf4+ 44. Kg1 Qe3+ 45. Kh2 Qe5+ 46. Kg1 Qa1+ 47. Kh2 Qxa6 48. Rb8 Qd6+ 0-1

[Event "Early-Titled-Tuesday-Blitz-April-23-2024"]
[Site "Chess.com"]
[Date "2024.04.23"]
[Round "11"]
[White "superchess02"]
[Black "RodTwinkz"]
[Result "0-1"]
[WhiteElo "2869"]
[BlackElo "2711"]
[TimeControl "180+1"]
[EndTime "10:11:09 PDT"]
[Termination "RodTwinkz won by resignation"]

1. d4 Nf6 2. c4 g6 3. Nc3 Bg7 4. e4 O-O 5. f3 c5 6. d5 d6 7. Nge2 e6 8. Ng3 exd5 9. cxd5 Re8 10. Be2 Na6 11. O-O Nc7 12. Bg5 h6 13. Be3 Bd7 14. Qd2 Kh7 15. a4 a6 16. a5 Nb5 17. Na4 Nd4 18. Nb6 Nb3 19. Qc2 Nxa1 20. Rxa1 Rb8 21. Rd1 Bb5 22. Bc4 Nd7 23. Nxd7 Qxd7 24. Ba2 b6 25.
axb6 Rxb6 26. Re1 Reb8 27. b3 R6b7 28. f4 c4 29. bxc4 Ba4 30. Qc1 Rb2 31. c5 Rxa2 32.
c6 Qc7 33. e5 Rbb2 34. Kh1 Rxg2 35. Bg1 dxe5 36. Ne4 Rac2 37. Qa1 Bxc6 38. dxc6 Qxc6 39.
fxe5 Rge2 0-1

[Event "Early-Titled-Tuesday-Blitz-April-23-2024"]
[Site "Chess.com"]
[Date "2024.04.23"]
[Round "11"]
[White "Vse_po_kaify"]
[Black "Skatchkov_V"]
[Result "1-0"]
[WhiteElo "2591"]
[BlackElo "2660"]
[TimeControl "180+1"]
[EndTime "10:11:09 PDT"]
[Termination "Vse_po_kaify won by resignation"]

1. e4 e5 2. Nf3 d5 3. d3 Nc6 4.
Nc3 Nf6 5. Be2 Be7 6. O-O O-O 7. Bg5 Be6 8. Bxf6 Bxf6 9. exd5 Bxd5 10. Nxd5 Qxd5 11.
Nd2 Be7 12. Bf3 Qe6 13. Re1 Bc5 14. Ne4 Bd4 15. c3 Bb6 16. Qb3 Qg6 17. Rad1 Rad8 18. Kf1 Kh8 19. h3 Ne7 20. Ng3 Rxd3 21. Bh5 Qd6 22.
Ne4 Qd8 23. Ng5 g6 24. Nxf7+ Rxf7 25. Qxf7 gxh5 26. Qxh5 Ng6 27. Rxd3 Qxd3+ 28. Kg1 Qd5 29.
Qf5 Qxa2 30. Rd1 c6 31. Qf6+ Kg8 32. Rd7 Qb1+ 33. Kh2 1-0

[Event "Early-Titled-Tuesday-Blitz-April-23-2024"]
[Site "Chess.com"]
[Date "2024.04.23"]
[Round "11"]
[White "manmanlai1"]
[Black "Louis-Paulsen-Fan"]
[Result "1-0"]
[WhiteElo "2513"]
[BlackElo "2346"]
[TimeControl "180+1"]
[EndTime "10:11:09 PDT"]
[Termination "manmanlai1 won by resignation"]

1. e4 Nf6 2. e5 Nd5 3. d4 d6 4. c4 Nb6 5. f4 dxe5 6. fxe5 c5 7. d5 e6 8. Nc3 exd5 9. cxd5 Qh4+ 10. g3 Qd4 11. Bb5+ Bd7 12. Bxd7+ N8xd7 13. Nf3 Qxd1+ 14. Kxd1 c4 15. Kc2 Nc5 16. Be3 h6 17. Rad1 O-O-O 18. b3 g5 19. h3 cxb3+ 20. axb3 Nbd7 21.
Bd4 Rg8 22. Rhe1 Be7 23. e6 fxe6 24. dxe6 Nf6 25. b4 Na6 26. b5 Nb4+ 27. Kb3 Nbd5 28. Nxd5 Nxd5 29. Be5 b6 30. Nd4 Nc7 31. Nc6 Bc5 32.
Rxd8+ Rxd8 33. Nxd8 Kxd8 34. Bxc7+ Kxc7 35. e7 1-0

[Event "Early-Titled-Tuesday-Blitz-April-23-2024"]
[Site "Chess.com"]
[Date "2024.04.23"]
[Round "11"]
[White "Kirill_Klukin"]
[Black "frederiksvane"]
[Result "1-0"]
[WhiteElo "2869"]
[BlackElo "3021"]
[TimeControl "180+1"]
[EndTime "10:11:10 PDT"]
[Termination "Kirill_Klukin won on time"]

1. d4 e6 2. c4 d5 3. Nc3 Nf6 4. cxd5 exd5 5. Bg5 c6 6. e3 Be7 7. Bd3 O-O 8. Qc2 h6 9. Bf4 Nh5 10. Be5 Nd7 11. Nf3 Re8 12. h3 Nxe5 13. dxe5 g6 14.
O-O-O Ng7 15. g4 b5 16. Ne2 Qb6 17. Nf4 Rd8 18. Kb1 c5 19. e4 c4 20. Nxd5 Qc5 21. Be2 Bb7 22. Nd4 Bxd5 23. exd5 Rxd5 24. Bf3 Rxd4 25.
Bxa8 Qxe5 26. Rhe1 Rxd1+ 27. Qxd1 Qc7 28. Qf3 Bc5 29.
Bd5 Kf8 30. a3 a5 31. Re2 Bd6 32. Qc3 1-0

[Event "Early-Titled-Tuesday-Blitz-April-23-2024"]
[Site "Chess.com"]
[Date "2024.04.23"]
[Round "11"]
[White "Matols"]
[Black "mary-sanna"]
[Result "1-0"]
[WhiteElo "2363"]
[BlackElo "2240"]
[TimeControl "180+1"]
[EndTime "10:11:10 PDT"]
[Termination "Matols won by resignation"]

1. d4 d5 2. c4 e6 3. Nf3 Nf6 4. g3 dxc4 5. Bg2 Bd7 6. Ne5 Bc6 7. Nxc6 Nxc6 8. e3 Qd7 9. O-O O-O-O 10. Nd2 h5 11. Nxc4 h4 12. Qa4 Kb8 13. Bxc6 Qxc6 14. Qxc6 bxc6 15. Ne5 Rd7 16. Nxd7+ Nxd7 17. Bd2 c5 18.
Rfc1 cxd4 19. exd4 Bd6 20. b4 hxg3 21. hxg3 Rh5 22.
a4 Rd5 23. Bc3 Be7 24. Kg2 Bf6 25. Rd1 Nb6 26. a5 Nc4 27. a6 g6 28. Rh1 c6 29.
Rh7 Rd7 30. Rd1 Kc7 31. Kf3 Kb6 32. Ra1 Nd6 33. b5 Nxb5 34. Ba5+ Kxa6 35. Bd8+ Kb7 36.
Bxf6 Nd6 37. Be5 Nc4 38. Rh8 a5 39. Rb8+ Ka7 40. Rb4 Nd2+ 41. Ke2 Rd5 42. Kxd2 Ka6 43. Rb8 c5 44. Ra8+ Kb6 45. R1xa5 cxd4 46. Rxd5 exd5 47. Bxd4+ Kb7 48. Rf8 1-0

[Event "Early-Titled-Tuesday-Blitz-April-23-2024"]
[Site "Chess.com"]
[Date "2024.04.23"]
[Round "11"]
[White "AlexanderKing"]
[Black "mortngabriel"]
[Result "1-0"]
[WhiteElo "2578"]
[BlackElo "2454"]
[TimeControl "180+1"]
[EndTime "10:11:11 PDT"]
[Termination "AlexanderKing won on time"]

1. g3 c5 2. Bg2 Nc6 3. Nf3 g6 4. O-O Bg7 5. c4 e5 6. Nc3 d6 7.
a3 a5 8. Ne1 Be6 9. d3 Nge7 10.
Nc2 d5 11. cxd5 Nxd5 12. Bd2 O-O 13. Rb1 Rb8 14. b4 cxb4 15. Nxd5 Bxd5 16. axb4 Bxg2 17. Kxg2 a4 18. b5 Nd4 19. Nxd4 Qxd4 20. Bb4 Rfe8 21.
Qxa4 e4 22. Qb3 exd3 23. Qxd3 Qxd3 24. exd3 Rbd8 25. Rb3 Rd5 26. Ba5 Ree5 27. Rfb1 Bf8 28. Bc7 Re2 29. Bb6 Bg7 30. Be3 Bd4 31. Kf3 Rc2 32.
Ke4 Bxe3 33. Kxd5 Bxf2 34. R1b2 1-0

[Event "Early-Titled-Tuesday-Blitz-April-23-2024"]
[Site "Chess.com"]
[Date "2024.04.23"]
[Round "11"]
[White "Eagle_2019"]
[Black "tetrix83"]
[Result "0-1"]
[WhiteElo "2841"]
[BlackElo "2676"]
[TimeControl "180+1"]
[EndTime "10:11:13 PDT"]
[Termination "tetrix83 won by resignation"]

1. c4 g6 2. Nc3 Bg7 3. g3 c5 4.
Bg2 Nc6 5. Nf3 e6 6. O-O Nge7 7. a3 d5 8. d3 O-O 9. Rb1 b6 10. Bd2 a5 11. Qc1 Re8 12. Na4 Bb7 13. Bc3 d4 14. Bd2 Qc7 15. Qc2 Ne5 16. Bf4 Nxf3+ 17. Bxf3 e5 18.
Bxb7 Qxb7 19. Bd2 Qc6 20. Ra1 h5 21. h4 Nf5 22. b4 axb4 23. axb4 e4 24. bxc5 bxc5 25.
Bf4 e3 26. f3 Be5 27. Bxe5 Rxe5 28. Kh2 Re7 29. Nb2 Rea7 30. Rab1 Qd6 31. f4 Nh6 32.
Rf3 Ng4+ 33. Kg1 Ra1 34. Rff1 R1a2 35. Qb3 Kg7 36. Qb7 Rb8 37. Qf3 Rbxb2 38. Rxb2 Rxb2 39. f5 gxf5 40. Kg2 Qe6 41. Ra1 Ne5 42. Qxh5 Qg6 0-1

[Event "Early-Titled-Tuesday-Blitz-April-23-2024"]
[Site "Chess.com"]
[Date "2024.04.23"]
[Round "11"]
[White "willyam13"]
[Black "Anu-triz"]
[Result "1-0"]
[WhiteElo "2437"]
[BlackElo "2152"]
[TimeControl "180+1"]
[EndTime "10:11:14 PDT"]
[Termination "willyam13 won by resignation"]

1. e4 e5 2. Nf3 Nc6 3. Bb5 a6 4. Ba4 Nf6 5. O-O Bc5 6. c3 b5 7. Bb3 d6 8. a4 Rb8 9. d4 Bb6 10. a5 Ba7 11. Be3 O-O 12. h3 exd4 13. cxd4 Nxe4 14. Bd5 Qe8 15. Qc2 Nb4 16. Qxe4 Qxe4 17. Bxe4 f5 18. Nc3 fxe4 19. Nxe4 Nc2 20. Rac1 Nxe3 21. fxe3 Bb7 22. Rxc7 Bxe4 23. Rxa7 Bb7 24. Ng5 Rxf1+ 25. Kxf1 h6 26. Ne6 Re8 27. Nc7 Rf8+ 28. Kg1 Be4 29. Rxa6 d5 30. Nxb5 Rc8 31. Nc3 Bd3 32.
Rb6 Rf8 33. a6 Rf1+ 34. Kh2 Ra1 35. Nxd5 Bxa6 36. Rb8+ Kh7 37. Ra8 Ra2 38. Nb4 1-0

[Event "Early-Titled-Tuesday-Blitz-April-23-2024"]
[Site "Chess.com"]
[Date "2024.04.23"]
[Round "11"]
[White "kids2010"]
[Black "Zhigalko_Sergei"]
[Result "1-0"]
[WhiteElo "2811"]
[BlackElo "2918"]
[TimeControl "180+1"]
[EndTime "10:11:15 PDT"]
[Termination "kids2010 won on time"]

1. d4 Nf6 2. c4 e6 3. g3 c5 4. d5 exd5 5. cxd5 d6 6. Bg2 g6 7. Nc3 Bg7 8. h3 O-O 9. Nf3 Re8 10. O-O a6 11. a4 Nbd7 12. Nd2 b6 13.
e4 Nh5 14. Nc4 Ne5 15. Nxe5 Bxe5 16. Be3 Bd7 17. Qd2 Bg7 18. Kh2 b5 19. Bg5 Qb6 20. f4 b4 21. Ne2 c4 22. g4 Nf6 23. Ng3 Rac8 24. a5 Qc7 25. e5 dxe5 26. fxe5 Qxe5 27. Rae1 Qxb2 28. Qxb2 Nxg4+ 29. hxg4 Bxb2 30. d6 c3 31. Bb7 c2 32. Bxc8 Rxc8 33. Ne4 b3 34. Nf6+ Kg7 35. Nxd7 Bc3 36. Nb6 Bxe1 37. Nxc8 b2 38. Bf6+ Kh6 39.
Bxb2 1-0

[Event "Early-Titled-Tuesday-Blitz-April-23-2024"]
[Site "Chess.com"]
[Date "2024.04.23"]
[Round "11"]
[White "Grandelicious"]
[Black "Rodalquilar"]
[Result "1-0"]
[WhiteElo "2903"]
[BlackElo "2741"]
[TimeControl "180+1"]
[EndTime "10:11:16 PDT"]
[Termination "Grandelicious won by resignation"]

1. Nf3 d5 2. e3 Nf6 3. c4 e6 4. b3 c5 5. Bb2 Nc6 6. cxd5 exd5 7. Be2 d4 8. exd4 cxd4 9. Bb5 Bd6 10. Bxd4 O-O 11.
Be3 Ne5 12. Be2 Re8 13. Nc3 Bf5 14. O-O Qa5 15. Nd4 Bg6 16. Ndb5 Bb8 17. f4 a6 18. fxe5 Bxe5 19. Nd4 Rad8 20. b4 Qc7 21. Nf3 Bxc3 22. Qc1 Rxe3 23. dxe3 Rc8 24. Nd4 Bxa1 25. Qxc7 Rxc7 26.
Rxa1 Nd5 27. Bf3 Nxe3 28. Re1 Re7 29. Kf2 Nf5 30. Rxe7 Nxe7 31. Bxb7 Bd3 32. Ke3 Bf1 33. a4 Kf8 34. g3 Ke8 35. Nb3 Nf5+ 36. Kf2 Nd6 37.
Bc6+ 1-0

[Event "Early-Titled-Tuesday-Blitz-April-23-2024"]
[Site "Chess.com"]
[Date "2024.04.23"]
[Round "11"]
[White "Sofia_Blokhin"]
[Black "ATM622"]
[Result "0-1"]
[WhiteElo "2286"]
[BlackElo "2510"]
[TimeControl "180+1"]
[EndTime "10:11:16 PDT"]
[Termination "ATM622 won by resignation"]

1. d4 Nf6 2. c4 e6 3. Nc3 Bb4 4.
e3 O-O 5. Bd3 b6 6. Nf3 Bb7 7.
O-O d6 8. Qc2 Bxf3 9. gxf3 c5 10. a3 Bxc3 11. bxc3 Nbd7 12. e4 e5 13. d5 Nh5 14.
Kh1 Kh8 15. Rg1 Nf4 16. Rg4 Nf6 17. Rxf4 exf4 18. Bxf4 Nh5 19. Be3 Qf6 20. Be2 Nf4 21. Rg1 Nxe2 22. Qxe2 Qxc3 23. Bc1 f6 24. f4 Qh3 25.
Rg3 Qd7 26. Qh5 Qe8 27. Qh4 Qxe4+ 28. Rg2 Qxc4 29. Bb2 Qxd5 30. Qg4 Rf7 31. h4 Re8 32. Kh2 Qe6 33. f5 Qe4 34. Qh5 Qf4+ 35. Kh3 Ref8 36. f3 d5 37. Re2 d4 38. Qxf7 Qxf3+ 39. Kh2 Qxe2+ 40. Kg3 Rxf7 0-1

[Event "Early-Titled-Tuesday-Blitz-April-23-2024"]
[Site "Chess.com"]
[Date "2024.04.23"]
[Round "11"]
[White "kuchma777"]
[Black "Evgeny81"]
[Result "0-1"]
[WhiteElo "2475"]
[BlackElo "2765"]
[TimeControl "180+1"]
[EndTime "10:11:17 PDT"]
[Termination "Evgeny81 won on time"]

1. e4 e6 2. d4 d5 3. Nd2 Nd7 4. Ngf3 Ne7 5. Bd3 c5 6. c3 cxd4 7. cxd4 dxe4 8. Nxe4 Nd5 9. O-O Be7 10. Re1 O-O 11.
a3 b6 12. Ne5 Bb7 13. Qe2 Rc8 14. Bd2 N5f6 15. Rac1 Nxe4 16. Bxe4 Bxe4 17. Qxe4 Rxc1 18.
Rxc1 Nxe5 19. Qxe5 Bf6 20. Qe2 Qxd4 21. Bc3 Rc8 22. Rd1 Qc4 23. Qd2 h5 24. Bxf6 gxf6 25. h3 Kg7 26. Qe3 Qc5 27. Qg3+ Qg5 28. Qd3 Rc1 29.
g3 Qf5 30. Qd4 Rxd1+ 31. Qxd1 Qxh3 32. Qd7 Qf5 33. Qxa7 Qb1+ 34. Kg2 Qxb2 35. Qa4 Qe5 36. Qh4 Qd5+ 37. Kh2 Qf3 38. Kg1 Qg4 39. Qh2 h4 40.
Qxh4 Qxh4 0-1

[Event "Early-Titled-Tuesday-Blitz-April-23-2024"]
[Site "Chess.com"]
[Date "2024.04.23"]
[Round "11"]
[White "ninguno46"]
[Black "JJDAREK"]
[Result "0-1"]
[WhiteElo "2503"]
[BlackElo "2362"]
[TimeControl "180+1"]
[EndTime "10:11:18 PDT"]
[Termination "JJDAREK won on time"]

1. e4 d6 2. d4 g6 3. f4 Bg7 4. Nf3 c5 5. dxc5 Qa5+ 6. Bd2 Qxc5 7. Nc3 Nf6 8. Bd3 O-O 9. Qe2 Bg4 10. Be3 Qa5 11.
O-O Nbd7 12. a3 a6 13. Qf2 Bxf3 14. Qxf3 b5 15. Kh1 Rac8 16. Bd2 Qc7 17. Rae1 e6 18. Qh3 e5 19. f5 Qc6 20. fxg6 hxg6 21. Qh4 d5 22. exd5 Nxd5 23. Be4 N7b6 24. Nxd5 Nxd5 25.
Bb4 Rfd8 26. Rd1 Qe6 27. Ba5 Rd7 28. Rd3 f5 29. Rh3 Nf4 30. Re3 fxe4 31. c3 Rf7 32. c4 bxc4 33. Rxe4 Nd5 34. Rxf7 Qxf7 35. Re1 Rf8 36. h3 Nf4 37. Rf1 Qd5 38. Qg3 Rf5 39. Qg4 Kf7 0-1

[Event "Early-Titled-Tuesday-Blitz-April-23-2024"]
[Site "Chess.com"]
[Date "2024.04.23"]
[Round "11"]
[White "Hope_6"]
[Black "Flaccidmoves"]
[Result "1/2-1/2"]
[WhiteElo "2634"]
[BlackElo "2455"]
[TimeControl "180+1"]
[EndTime "10:11:19 PDT"]
[Termination "Game drawn by agreement"]

1. d4 Nf6 2. c4 e6 3. Nf3 b6 4.
a3 Bb7 5. Nc3 d5 6. cxd5 Nxd5 7.
Bd2 Be7 8. Qc2 O-O 9. e4 Nxc3 10.
Bxc3 c5 11. Be2 Nc6 12. Rd1 cxd4 13. Nxd4 Nxd4 14. Rxd4 Qc7 15. Rc4 Qf4 16. O-O Rac8 17. Rxc8 Rxc8 18. f3 Qe3+ 19. Kh1 Bf6 20. Rd1 h5 21.
Rd7 Bc6 22. Rd3 Qf2 23. Rd1 Bb5 24. e5 Bxe5 25. Bd3 Qxc2 26. Bxc2 Bxc3 27. bxc3 g6 28. a4 Bc6 29. Kg1 Bd5 30. Rd3 Kf8 31. Kf2 Ke7 32. Ke3 Bc4 33. Rd4 Ba6 34. Kd2 Rd8 35. Ke3 e5 36.
Rxd8 Kxd8 37. Ke4 f6 38. Kd5 1/2-1/2

[Event "Early-Titled-Tuesday-Blitz-April-23-2024"]
[Site "Chess.com"]
[Date "2024.04.23"]
[Round "11"]
[White "NikitaShnadrygin"]
[Black "baki83"]
[Result "0-1"]
[WhiteElo "2709"]
[BlackElo "2895"]
[TimeControl "180+1"]
[EndTime "10:11:20 PDT"]
[Termination "baki83 won by resignation"]

1. e4 c5 2. Nf3 e6 3. d4 cxd4 4.
Nxd4 Nc6 5. Nc3 Qc7 6. Be2 Nf6 7. O-O a6 8. Be3 Bb4 9. Nxc6 bxc6 10. f4 Bxc3 11.
bxc3 Nxe4 12. Bd4 c5 13. Bxg7 Rg8 14. Be5 d6 15. Bf3 Bb7 16. Qe2 f5 17. Bf6 Kd7 18.
Bh4 Nxc3 19. Qe3 Bxf3 20. Rxf3 Ne4 21. Rd1 Qc6 22. Be1 Rg7 23. c4 Rag8 24. g3 Rb8 25. Bc3 Rgg8 26. Ba1 Rb4 27. Rff1 Rxc4 28. Qe2 Rb4 29.
Qh5 Kc8 30. Qxh7 Re8 31. Rfe1 Rb7 32. Qh5 Rg8 33. Qh6 Qe8 34. Re3 Qg6 35. Qh3 Kb8 36. Qf1 Ka7 37. Ra3 Rb6 38. Bc3 Nxg3 39. Qg2 Ne4 40. Qxg6 Rxg6+ 41. Kf1 Rh6 42. Kg2 Rg6+ 43.
Kf1 Rb7 44. Be1 Rg4 0-1

[Event "Early-Titled-Tuesday-Blitz-April-23-2024"]
[Site "Chess.com"]
[Date "2024.04.23"]
[Round "11"]
[White "SlavenPastar"]
[Black "ImportedItalianMaple"]
[Result "0-1"]
[WhiteElo "2608"]
[BlackElo "2478"]
[TimeControl "180+1"]
[EndTime "10:11:22 PDT"]
[Termination "ImportedItalianMaple won by resignation"]

1. Nf3 g6 2. g3 Bg7 3. d4 b6 4. Bg2 Bb7 5. c4 d6 6. Nc3 Nd7 7. d5 Bxc3+ 8. bxc3 e5 9. dxe6 fxe6 10. O-O Ngf6 11. e4 e5 12. Ng5 Qe7 13. Bh3 Nc5 14. Be3 Nfxe4 15. Nxe4 Bxe4 16. f4 O-O 17. Bxc5 bxc5 18.
Qe2 exf4 19. Rae1 Rae8 20. gxf4 Rf7 21. Qg4 Qf8 22. f5 Bxf5 23. Rxe8 Qxe8 24. Qg3 Bxh3 25.
Rxf7 Qxf7 26. Qxh3 Kg7 27. Qc8 Qe7 28. Kf2 a5 29. Qb7 a4 30. Qa7 Qf7+ 31. Ke3 a3 32. Kd3 Qf3+ 33. Kc2 Qe2+ 34. Kc1 Qb2+ 35. Kd1 Qb1+ 36.
Kd2 Qxa2+ 37. Ke3 Qxc4 38. Qxa3 d5 39. Qa5 d4+ 40. Ke4 Qe6+ 41. Kd3 Qd6 42. c4 Qxh2 43.
Qxc5 Qd6 44. Qxd6 cxd6 45. Kxd4 Kf6 46. Kd5 Ke7 0-1